 Dungeon Crawl Stone Soup version 0.18-a0-1792-g362e38b (webtiles) character file.

305 ryw the Insei (level 5, 0/44 HPs)
             Began as a Demigod Monk on Apr 22, 2016.
             Slain by an orc warrior
             ... wielding a +0 short sword
              (19 damage)
             ... on level 3 of the Dungeon.
             The game lasted 00:07:59 (4178 turns).

ryw the Insei (Demigod Monk)                        Turns: 4178, Time: 00:08:00

Health: 0/44       AC:  4    Str: 16    XL:     5   Next: 92%
Magic:  7/7        EV: 14    Int: 14    God:
Gold:   178        SH:  0    Dex: 21    Spells: 0 memorised, 4 levels left

rFire  . . .     SeeInvis .       - Unarmed
rCold  . . .     Gourm    .     a - +0 robe
rNeg   . . .     Faith    .     (no shield)
rPois  .         Spirit   .     q - +0 helmet
rElec  .         Dismiss  .     w - +0 cloak
rCorr  .         Reflect  .     (no gloves)
SustAt +         Harm     .     (no boots)
MR     .....                    (no amulet)
Stlth  ++........               (no ring)
                                y - +3 ring of dexterity

@: not resistant to hostile enchantments, unstealthy
A: high mp 1, sustain attributes
a: no special abilities


You were on level 3 of the Dungeon.
You were very hungry.

You visited 1 branch of the dungeon, and saw 4 of its levels.

You collected 178 gold pieces.

Inventory:

Missiles
 k - 4 steel tomahawks (quivered)
Armour
 a - a +0 robe (worn)
 q - a +0 helmet (worn)
 w - a +0 cloak (worn)
Jewellery
 y - a +3 ring of dexterity (left hand)
Scrolls
 d - a scroll of teleportation {unknown}
 e - 7 scrolls of identify
 f - a scroll of random uselessness {unknown}
 h - a scroll of blinking {unknown}
 j - 2 scrolls of enchant armour {unknown}
 m - a scroll of magic mapping {unknown}
 n - 2 scrolls of immolation {unknown}
 p - 2 scrolls of recharging {unknown}
 t - a scroll of noise {unknown}
 v - a scroll of enchant weapon {unknown}
Potions
 c - 2 potions of brilliance {unknown}
 i - a potion of magic {unknown}
 o - a potion of degeneration {unknown}
 r - a potion of flight {unknown}
 u - 3 potions of agility
 x - 2 potions of curing {unknown}
 z - 2 potions of mutation {unknown}
Comestibles
 b - 3 bread rations
 g - a slice of pizza
 l - 9 fruits
 A - a meat ration


   Skills:
 + Level 2.9 Fighting
 - Level 2.8 Dodging
 - Level 1.9 Stealth
 + Level 6.6 Unarmed Combat


You had 4 spell levels left.
You didn't know any spells.

Dungeon Overview and Level Annotations

Branches:
Dungeon (4/15)
 Temple: D:4-7

Shops:
D:4 %

Annotations:
D:4 Sigmund; modulok's ghost, novice FoFi


Innate Abilities, Weirdness & Mutations

You have an increased reservoir of magic (+10% MP).
Your attributes are resistant to harm.


Message History

Level annotation: Sigmund; modulok's ghost, novice FoFi Modulok's ghost hits you.
There is a stone staircase leading up, spattered with blood here.
Modulok's ghost hits you!
You climb upwards.
There is a stone staircase leading down here.
You see here a club.
There is a stone staircase leading down here.
You start resting.
An orc warrior comes up the stairs.
It is wielding a short sword.
The orc warrior shouts!
You hit the orc warrior but do no damage.
You hit the orc warrior but do no damage.
You hit the orc warrior.
The orc warrior is lightly wounded.
The orc warrior hits you with a short sword!!
You hit the orc warrior.
The orc warrior is moderately wounded.
The orc warrior hits you with a short sword!!
You die...

#...#.#####.# #.##........#..#
#...#.......# #.#####.....#..#
#)###..#..### #.# #######..#
#......#....####.# #..#
#..#.###..#......# #..#
...#......#....### #..#
.###..#.###..#.# #..#
.(....#......#.#############..#
..#.###..#.###..@o............#
..#......#.)...####.##.#####.##
###..#.###.########.##.#####.#
.....#.......................#
.#.###.#.###.#################
.#.....#.###.# ##.####...##.##
...###.....<..# ..#.....>.....#


You could see an orc warrior.

Vanquished Creatures
  A crimson imp (D:4)
  A hound (D:4)
  An orc wizard (D:3)
  Jessica (D:3)
  Terence (D:2)
  A hound skeleton (D:4)
  Robin (D:2)
  A howler monkey skeleton (D:4)
  3 adders
  An adder skeleton (D:4)
  5 dart slugs
  A giant gecko (D:2)
  An orc (D:4)
  8 bats
  3 giant cockroaches
  15 goblins
  10 hobgoblins
  6 jackals
  9 kobolds
  2 ball pythons
  6 giant newts
  13 rats
91 creatures vanquished.

Vanquished Creatures (others)
  A hobgoblin (D:3)
1 creature vanquished.

Grand Total: 92 creatures vanquished

Notes
Turn   | Place    | Note
--------------------------------------------------------------
     0 | D:1      | ryw the Demigod Monk began the quest for the Orb.
     0 | D:1      | Reached XP level 1. HP: 18/18 MP: 3/3
   177 | D:1      | Reached XP level 2. HP: 25/25 MP: 4/4
   200 | D:1      | Reached skill level 4 in Unarmed Combat
   592 | D:1      | Reached XP level 3. HP: 19/30 MP: 5/5
  1025 | D:2      | Noticed Robin
  1043 | D:2      | Noticed Terence
  1485 | D:2      | Killed Robin
  1485 | D:2      | Reached skill level 5 in Unarmed Combat
  1485 | D:2      | Reached XP level 4. HP: 11/37 MP: 6/6
  2031 | D:2      | Killed Terence
  2296 | D:3      | Noticed Jessica
  2300 | D:3      | Found a basalt altar of Yredelemnul.
  2301 | D:3      | Killed Jessica
  2301 | D:3      | Reached XP level 5. HP: 41/42 MP: 7/7
  2354 | D:3      | Found a stormy altar of Qazlal.
  2464 | D:3      | Found a faded altar to an unknown god.
  2582 | D:3      | Reached skill level 6 in Unarmed Combat
  2590 | D:3      | Found a glowing silver altar of Zin.
  2919 | D:4      | Noticed Sigmund
  2963 | D:4      | Found Kaip Zupn's Food Emporium.
  3082 | D:4      | Found an iron altar of Okawaru.
  3287 | D:4      | Noticed modulok's ghost (novice FoFi)
  4175 | D:3      | Noticed an orc warrior
  4178 | D:3      | Slain by an orc warrior

Vault maps used:
D:1:      eino_arrival_water_star, minmay_misc_feat_doors, lemuel_another_geyser
D:2:      uniq_terence, uniq_robin
D:3:      yredelemnul_altar_generic, marbit_many_paths, ecumenical_altar_2,
          hangedman_decor_points, nicolae_qazlal_eye_of_the_storm, uniq_jessica
D:4:      lemuel_round_altar, serial_shops, nicolae_shop_statue_plus,
          uniq_pikel, uniq_sigmund

Skill      XL: |  1  2  3  4  5 |
---------------+----------------+-----
Unarmed Combat | 4 5 6 |  6.6
Fighting       | |  2.9
Dodging        | |  2.8
Stealth        | |  1.9

Action                   |  1- 3 |  4- 6 || total
-------------------------+-------+-------++-------
Melee: Unarmed           |   194 |   127 ||   321
       Punch             |     6 |     5 ||    11
Throw: Tomahawk          |       |     3 ||     3
  Use: Scroll            |       |     1 ||     1
 Stab: Sleeping          |     5 |     5 ||    10
       Distracted        |     1 |       ||     1
  Eat: Chunk             |     2 |     7 ||     9
Armor: Robe              |    27 |    15 ||    42
Dodge: Dodged            |   132 |    59 ||   191
